AoeStats
← курди рс

Arabia

509438208Analyzed
2v2 RM · 5d ago on Sep 26, 2026· 32m 38s· 4 players
Game mode
Random Map
Map size
Medium (4 player)
Population
200
Speed
Normal
Resources
Standard
Victory
Conquest
Starting age
Dark Age
Ending age
Imperial Age
RankedLock teamsTeams togetherTeam positionsShared explorationLock speedFull tech treeHidden civsTurbo modeCheats
Victory
Defeat
🇦🇷 Mongols · Argentina
965
+16
🇷🇺 Inca · Russia
950
+16
🇹🇼 Huns · Taiwan
992
-48
🇹🇼 Cumans · Taiwan
935
-36
курди рс
0:32 Loom
12:30 Feudal Age
14:06 Wheelbarrow
17:00 Castle Age
15:14 Horse Collar
21:27 Fletching
24:14 Arson
25:52 Heavy Plow
25:40 Double-Bit Axe
27:04 Hand Cart
29:02 Bow Saw
30:49 Forging
30:39 Scale Mail Armor
30:35 Bodkin Arrow
30:43 Squires
32:48 Treadmill Crane
33:05 Murder Holes
33:23 Redemption
LA CUCARACHA AWPER
7:46 Loom
9:56 Feudal Age
16:29 Scale Barding Armor
16:37 Bloodlines
17:52 Horse Collar
19:15 Double-Bit Axe
23:05 Castle Age
23:11 Forging
24:11 Heavy Plow
24:22 Bow Saw
25:35 Chain Barding Armor
25:30 Husbandry
26:05 Gold Mining
32:46 Iron Casting
33:04 Gold Shaft Mining
MAX
0:29 Loom
10:53 Feudal Age
11:33 Man-at-Arms
14:39 Wheelbarrow
15:21 Horse Collar
15:45 Double-Bit Axe
18:26 Fletching
18:57 Town Watch
20:00 Forging
20:00 Scale Mail Armor
20:20 Arson
22:09 Bloodlines
shiunny999
12:58 Feudal Age
13:30 Double-Bit Axe
15:43 Loom
16:43 Horse Collar
18:07 Wheelbarrow
21:17 Forging
26:42 Castle Age
25:26 Scale Barding Armor
28:17 Pikeman
28:58 Squires
29:05 Scale Mail Armor
29:41 Iron Casting
Connection lost

Rejoining the realm…

Still unreachable

The connection could not be restored.

Session expired

The server has moved on; the page needs a fresh start.